woodfighter, neutral female human Priestess ---- |HE%3.24 2 |H@d33I 4 3 |EYn2133 1 -1412341 2 332311 3... .13qld 214.. ..4EXXhx1.... ....PEjw2...- ....'|S..... ....#| ..^... .....| .....| .... ....- ..| .... # ...\. ---- woodfighter the Curate Experience level: 17 Strength: 18 Dexterity: 18 Constitution: 17 Intelligence: 18 Wisdom: 12 Charisma: 9 Health: 0(89) Energy: 10(148) Def: 25 Gold: 0 Moves: 29104 Dungeon seed: C0MWCkAZxRbPwitW Game ID: woodfighter_1598527086 Your Inventory: Weapons j - 5 blessed +5 dwarvish spears (wielded) Armor b - a blessed +1 pair of leather gloves (being worn) n - a blessed +4 shield of reflection r - a +0 pair of leather gloves L - a +0 robe N - a cursed greased +5 gray dragon scale mail (being worn) Y - a blessed +1 pair of jumping boots (being worn) Comestibles G - 4 food rations Z - a lizard corpse Potions D - a blessed potion of object detection Rings o - a ring of free action (on left hand) Q - a ring of shock resistance (on right hand) Wands d - a wand of digging (0:6) f - a wand of lightning (0:5) g - a wand of sleep (0:6) Tools c - a +0 pick-axe q - a -1 unicorn horn s - a blessed bag of holding u - the Bell of Opening (0:3) y - a lock pick W - a towel Gems p - a blessed luckstone Contents of the bag of holding: a blessed +3 mace a +0 mummy wrapping a lizard corpse a sprig of wolfsbane a scroll of fire a scroll of remove curse a potion of restore ability a ring of levitation a blessed +1 ring of protection a can of grease (0:5) a +0 unicorn horn 5 amethysts Spells and supernatural/magical abilities: Name Level Category Fail Memory a - force bolt 1 attack 0% 64% c - cause fear 3 enchantment 60% 69% h - healing 1 healing 0% 69% i - invisibility 4 escape 89% 69% j - jumping 1 escape 0% 94% m - magic missile 2 attack 0% 37% p - protection 1* clerical 0% 0% r - remove curse 3 clerical 0% 68% u - confuse monster 2 enchantment 0% 94% x - extra healing 3 healing 0% 68% L - levitation 4 escape 89% 68% R - restore ability 4 healing 0% 94% T - turn undead 4 clerical 0% 69% W - pray for help -- divine ? -- X - turn undead -- divine ? -- Y - supernatural jump -- ability ? -- Your skills at the end: Miscellaneous Skills shield [Expert] wands [Basic] Weapon Skills mace [Expert] Spellcasting Skills healing spells [Skilled] clerical spells [Basic] Final Attributes: You were piously aligned. You were fire resistant. You were cold resistant. You were sleep resistant. You were shock resistant. You were poison resistant. You were magic-protected. Your writing hand was ok. You saw invisible. You were telepathic. You were warned. You were invisible to others. You were very stealthy. You could jump. You were protected. You were fast. You had free action. You were extremely lucky. You had extra luck. Good luck did not time out for you. You are dead (2nd time!). Vanquished creatures: Medusa an iron golem a red dragon a green dragon a yellow dragon Nalzok a purple worm 6 minotaurs 5 baluchitheria an Angel a young silver dragon a young red dragon a demilich 4 stone golems an Olog-hai 2 Nazgul 2 titanotheres 2 trappers a gryphon 9 vampire lords an aligned priest a captain 2 nurses an ice devil a lurker above an Aleax 5 frost giants a golden naga a black pudding 14 vampires 69 ghosts 3 ettins 4 winged gargoyles a mind flayer 4 giant mimics 5 fire giants 5 ogre kings 2 Elvenkings an ice troll 2 rock trolls 3 umber hulks 3 doppelgangers a hezrou a bone devil a couatl 3 stalkers an air elemental 2 fire elementals 2 water elementals 4 hill giants 2 giant mummies 6 xorns 12 giant zombies 4 sergeants a barbed devil a vrock a warg 3 quantum mechanics 7 small mimics 3 island nymphs a glass piercer 2 warhorses 2 xans 3 ettin mummies an ogre lord 12 trolls 3 sasquatches 4 wood golems 2 erinyes 3 mariliths 3 electric eels a pyrolisk 2 large dogs 2 freezing spheres a flaming sphere a shocking sphere a large cat 4 tigers a gargoyle 4 tengu a gelatinous cube 4 ochre jellies 2 crocodiles 2 chameleons 7 leocrottas an energy vortex 2 mountain centaurs 8 giants 2 elf mummies 3 human mummies 2 green slimes 4 Grey-elves 2 pythons 4 cobras 135 wraiths 24 ettin zombies 3 leather golems 21 soldiers 4 horned devils 7 succubi 3 incubi 3 giant beetles 8 cockatrices a wolf 6 winter wolf cubs 2 black lights 2 lynxes 2 panthers 2 gremlins 3 leprechauns 3 quivering blobs a spotted jelly 6 lizards 2 orc-captains a mumak 8 giant spiders 2 scorpions an iron piercer 3 horses 2 vampire bats a forest centaur 5 gnome kings 2 orc mummies 4 dwarf mummies 7 ogres a brown pudding 6 Green-elves 3 rust monsters 3 owlbears 2 yetis 2 piranhas 4 chickatrices a dog 3 dingos 2 housecats 6 jaguars 3 dwarf lords 3 blue jellies a water nymph 4 white unicorns 2 black unicorns a dust vortex 6 ravens 2 plains centaurs 3 gnome mummies 10 Woodland-elves 2 snakes an ape 118 human zombies 4 rope golems a soldier ant 7 yellow lights 13 bugbears 2 imps 2 baby crocodiles 2 wood nymphs 12 Mordor orcs 17 Uruk-hai 2 orc shamans 6 rock moles 4 rock piercers 2 ponies 4 fog clouds 3 shriekers 6 violet fungi 21 gnome lords 7 gnomish wizards 4 kobold mummies a red naga hatchling 5 gray oozes 4 barrow wights 64 elf zombies 37 ghouls 3 straw golems 7 paper golems a jellyfish 5 giant ants 3 puppies 14 floating eyes a kitten 19 dwarves 4 homunculi 3 quasits 4 kobold lords 4 kobold shamans 7 iguanas 16 hill orcs 20 rothes 2 rabid rats 3 centipedes 5 jitterbugs 3 giant bats 33 orc zombies 37 dwarf zombies a wererat a werejackal 9 killer bees 7 coyotes 5 gas spores 8 hobbits 3 acid blobs 2 large kobolds 13 geckos 21 hobgoblins 15 giant rats 11 cave spiders 3 brown molds 5 yellow molds a green mold 3 red molds 60 gnomes 16 garter snakes 8 manes 38 gnome zombies 13 jackals 4 foxes 3 kobolds 13 newts 4 goblins 10 sewer rats 6 grid bugs 4 bats 4 lichens 32 kobold zombies 2 humans 1537 creatures vanquished. Genocided or extinct species: disenchanters wraiths (extinct) human zombies (extinct) 1 species genocided. 2 species extinct. Voluntary challenges: You did not cause conflict. You were not invisible. You were not displaced. You had been an atheist until turn 10203. You used a wielded weapon 3930 times, starting on turn 305. You did not use plumbed fixtures. You read items or engraved 129 times, starting on turn 4442. You genocided 1 type of monster, starting on turn 17031. You never polymorphed an object. You never changed form. You completed Sokoban on turn 6413, according to the rules. You used 1 wish, starting on turn 12729. You did not wish for any artifacts. You never split a pudding. You never wrote Elbereth's name. You never violated your personal moral code. Dungeon overview: The Dungeons of Doom: levels 1 to 29 Level 1 some fountains a long staircase Level 2 a general store Level 3 (water) an armor shop Level 4 (water) a general store, a fountain stairs to The Gnomish Mines Level 5 a fountain Level 6 many fountains Level 7 (vault) an altar to Manannan Mac Lir, a fountain stairs to Sokoban Level 8 a fountain Level 9 (water) a fountain Level 10 Level 11 a fountain Level 12 a fountain Level 13 (quest) some fountains portal to The Quest Level 14 (big room) Level 15 a fountain Level 16 Level 17 (vault) a fountain Level 18 a fountain Level 19 (vault) a sink Level 20 a fountain Level 21 a sink Level 22 Level 23 (medusa) Level 24 Level 25 Level 26 Level 27 Level 28 Level 29 <- You were here some sinks, some benchs The Gnomish Mines: levels 5 to 12 Level 5 stairs to The Dungeons of Doom Level 6 Level 7 many shops, a temple to Manannan Mac Lir, a magic chest, some fountains Level 8 Level 9 Level 10 Level 11 Level 12 a magic chest, some fountains The Quest: levels 1 to 6 Level 1 a temple to Brigit, a magic chest portal to The Dungeons of Doom Level 2 Level 3 a temple to Moloch Level 4 Level 5 Level 6 Sokoban: levels 3 to 6 Level 3 a magic chest Level 4 Level 5 Level 6 a magic chest stairs to The Dungeons of Doom History has recorded: On T:1 you entered the Dungeons of Doom to retrieve the Amulet of Yendor! On T:119 you reached level 2 of The Dungeons of Doom. On T:272 you reached level 3 of The Dungeons of Doom. On T:476 you advanced to experience level 2. On T:670 you advanced to experience level 3. On T:763 you reached level 4 of The Dungeons of Doom. On T:1014 you advanced to experience level 4. On T:1197 you reached level 5 of The Dungeons of Doom. On T:1484 you reached level 1 of The Gnomish Mines. On T:1495 you advanced to experience level 5. On T:2260 you reached level 6 of The Dungeons of Doom. On T:2323 you reached level 7 of The Dungeons of Doom. On T:2327 you advanced to experience level 6. On T:2912 you reached level 8 of The Dungeons of Doom. On T:2950 you reached level 4 of Sokoban. On T:3061 you opened a magic chest. On T:3408 you reached level 3 of Sokoban. On T:4463 you reached level 2 of Sokoban. On T:4468 you advanced to experience level 7. On T:5342 you reached level 1 of Sokoban. On T:6413 you advanced to experience level 8. On T:6413 you entered the Sokoban zoo. On T:7575 you reached level 3 of The Gnomish Mines. On T:8061 you entered the Minetown temple On T:8480 you reached level 4 of The Gnomish Mines. On T:8979 you reached level 5 of The Gnomish Mines. On T:9066 you advanced to experience level 9. On T:9182 you reached level 6 of The Gnomish Mines. On T:9819 you reached level 7 of The Gnomish Mines. On T:10080 you reached level 8 of The Gnomish Mines. On T:10080 you reached the bottom of the Mines. On T:10203 you prayed to Brigit. On T:10582 you advanced to experience level 10. On T:11924 you reached level 9 of The Dungeons of Doom. On T:12328 you reached level 10 of The Dungeons of Doom. On T:12545 you reached level 11 of The Dungeons of Doom. On T:12729 you wished for "+3 blessed fixed greased gray dragon scale mail". On T:12802 you reached level 12 of The Dungeons of Doom. On T:13241 you reached level 13 of The Dungeons of Doom. On T:13512 you reached level 14 of The Dungeons of Doom. On T:13574 you reached level 1 of The Quest. On T:13932 you reached level 15 of The Dungeons of Doom. On T:14199 you advanced to experience level 11. On T:14418 you reached level 16 of The Dungeons of Doom. On T:14418 you entered the Rogue tribute level. On T:14642 you reached level 17 of The Dungeons of Doom. On T:14836 you reached level 18 of The Dungeons of Doom. On T:15879 you reached level 19 of The Dungeons of Doom. On T:16242 you reached level 20 of The Dungeons of Doom. On T:16659 you reached level 21 of The Dungeons of Doom. On T:16782 you reached level 22 of The Dungeons of Doom. On T:16900 you prayed to Brigit. On T:16907 you advanced to experience level 12. On T:17614 you reached level 23 of The Dungeons of Doom. On T:18298 you advanced to experience level 13. On T:18692 you advanced to experience level 14. On T:19047 you embarked upon an epic quest. On T:19069 you reached level 2 of The Quest. On T:19148 you advanced to experience level 15. On T:19475 you reached level 3 of The Quest. On T:19535 you advanced to experience level 16. On T:19917 you advanced to experience level 17. On T:20717 you reached level 4 of The Quest. On T:21126 you reached level 5 of The Quest. On T:21570 you reached level 6 of The Quest. On T:21862 you killed Nalzok on level 6 of The Quest. On T:22760 you completed the quest! On T:23591 you reached level 24 of The Dungeons of Doom. On T:23597 you killed Medusa on level 24 of The Dungeons of Doom. On T:23836 you reached level 25 of The Dungeons of Doom. On T:24318 you reached level 26 of The Dungeons of Doom. On T:25152 you reached level 27 of The Dungeons of Doom. On T:25367 you reached level 28 of The Dungeons of Doom. On T:25494 you reached The Castle. On T:25505 you were saved from death by your amulet of life saving! On T:25520 you prayed to Brigit. On T:27832 you received Magicbane from Brigit. Score breakdown: Gold: 0 ( 0 points) Experience: 17 levels ( 1600 points) Exploration: 29 levels ( 840 points) Discoveries: 119 items ( 2000 points) Variety of kills: 225 monsters ( 2000 points) Major goal: finished the Quest ( 2000 points) Survival: died (score multiplied by 3) Total score: 25320 Latest messages: A mysterious force prevents the island nymph from teleporting! You feel much better. The giant bumps right into you! The giant punches you! The island nymph zaps herself with a wand of teleportation (0:2)! A mysterious force prevents the island nymph from teleporting! The owlbear punches you! The owlbear misses. Einstein misses. The invisible stalker claws you! The invisible stalker just misses! You don't have enough energy to cast that spell. You feel more confident in your fighting skills. The sleep ray hits the island nymph. The sleep ray hits it. (2x) You jab the island nymph! The island nymph pretends to be friendly. The island nymph charms you. You gladly start removing your helmet. She stole a blessed +0 helmet. The owlbear misses. (2x) Einstein bites! The invisible stalker claws you! (2x) You die... Final status: Goodbye woodfighter the Priestess, killed by an invisible stalker, while taking off clothes... You died in The Dungeons of Doom on dungeon level 29 with 25320 points, and 0 pieces of gold, after 29104 moves. You were level 17 with a maximum of 89 hit points when you died.